 Dungeon Crawl Stone Soup version 0.28-a0-984-g3775c662fe (webtiles) character file.

Game seed: 15062304745494877967

142 freelancePsychic the Stinger (level 5, -3/33 HPs)
             Began as an Octopode Venom Mage on Dec 3, 2021.
             Slain by a bullfrog (5 damage)
             ... in a sewer.
             The game lasted 00:08:05 (4130 turns).

freelancePsychic the Stinger (Octopode Venom Mage)  Turns: 4130, Time: 00:08:05

Health: -3/33      AC:  1    Str:  8    XL:     5   Next: 25%
Magic:  2/9        EV: 13    Int: 19    God:
Gold:   99         SH:  0    Dex: 12    Spells: 3/10 levels left

rFire   . . .      SeeInvis .   e - +0 whip (vamp)
rCold   . . .      Faith    .   (no shield)
rNeg    . . .      Spirit   .   (helmet restricted)
rPois   .          Reflect  .   (no amulet)
rElec   .          Harm     .   (no ring)
rCorr   .          Rampage  .   (no ring)
Will    .....                   (no ring)
Stlth   ++++......              (no ring)
HPRegen 0.11/turn               (no ring)
MPRegen 0.11/turn               (no ring)
                                (no ring)
                                (no ring)

@: brilliant, attractive
A: almost no armour, amphibious, 8 rings, camouflage 1, gelatinous body 1,
(nimble swimmer 1), tentacles
a: no special abilities


You were in a sewer.
You visited 1 branch of the dungeon, and saw 3 of its levels.
You also visited: Sewer.

You collected 99 gold pieces.

Inventory:

Hand Weapons
 e - a +0 vampiric whip (weapon)
Armour
 j - a +0 kite shield
Jewellery
 i - a ring of positive energy
Scrolls
 b - a scroll of acquirement {unknown}
 c - a scroll of vulnerability
Potions
 k - a potion of resistance {unknown}


   Skills:
 + Level 1.1 Fighting
 - Level 2.0 Dodging
 - Level 4.3 Stealth
 + Level 3.1 Spellcasting
 - Level 1.0 Transmutations
 + Level 5.0 Poison Magic


You had 3 spell levels left.
You knew the following spells:

 Your Spells              Type           Power      Damage    Failure   Level
a - Sting                 Tmut/Pois      84%        1d7       4%          1
b - Poisonous Vapours     Pois/Air       36%        N/A       9%          2
d - Olgreb's Toxic Radia  Pois           33%        N/A       19%         4

Your spell library contained the following spells:

 Spells                   Type           Power      Damage    Failure   Level
 Mephitic Cloud           Conj/Pois/Air  14%        N/A       22%         3


Dungeon Overview and Level Annotations

Branches:
Dungeon (3/15)              Sewer (1/1)

Altars:

Shops:
D:2 [


Innate Abilities, Weirdness & Mutations

You cannot wear most types of armour.
You are amphibious.
You can wear up to eight rings at the same time.
Your skin changes colour to match your surroundings (Stealth+).
Your rubbery body absorbs attacks. (AC +1, EV +1)
((You are camouflaged near water. (Stealth+)))
You have tentacles for arms and can constrict up to eight enemies at once.


Message History

Casting: Poisonous Vapours (safe; 9% risk of failure)
Confirm with . or Enter, or press ? or * to list all spells.
Aiming: Poisonous Vapours (safe; 9% risk of failure)
Press: ? - help, Dir - move target, f/p - bullfrog
Aim: a bullfrog (very poisoned) Poisonous vapours surround the bullfrog!
The bullfrog looks even sicker.
The bullfrog hits you.
You hit the bullfrog. Your grab misses the bullfrog.
Your squeeze misses the bullfrog.
The bullfrog is lightly wounded.
The bullfrog completely misses you.
The bullfrog hits you but does no damage.
You closely miss the bullfrog. You grab the bullfrog.
The bullfrog is lightly wounded.
You constrict the bullfrog. The bullfrog misses you. The bullfrog hits you!
As you read the scroll labelled LAZUFA WOCIVO, it crumbles to dust.
A profound silence engulfs you.
It was a scroll of silence.
You constrict the bullfrog. The bullfrog hits you.
It was a potion of cancellation.
Your magical effects are unravelling.
You feel magically purged.
Your hearing returns.
You constrict the bullfrog. The bullfrog closely misses you.
The bullfrog hits you.
It was a potion of brilliance.
You feel clever all of a sudden.
You constrict the bullfrog.
The bullfrog gives a loud, deep croak!
The bullfrog hits you!
* * * LOW HITPOINT WARNING * * *
You release your grip on the bullfrog.
The bullfrog barely misses you. The bullfrog hits you.
* * * LOW HITPOINT WARNING * * *
It was a potion of curing.
You feel better. The bullfrog closely misses you.
The bullfrog completely misses you. The bullfrog hits you.
* * * LOW HITPOINT WARNING * * *
It was a potion of attraction.
You feel attractive to monsters. The bullfrog barely misses you.
The bullfrog hits you.
You die...

#############
#####.≈.≈≈≈≈≈≈.≈#
###.∩..÷≈≈≈≈†.≈≈≈.#
##≈...≈#########.≈≈#
#∩÷≈####≈≈≈≈÷≈≈≈≈..####
#####≈≈.≈#####≈≈≈≈≈#..##
##.≈÷≈≈≈≈#≈∩.#######≈≈≈####
##≈≈≈≈≈####≈F≈≈J≈..#≈≈≈†≈≈≈#
##.≈≈≈###≈..@F≈†≈.†≈##≈≈#≈≈≈≈
#.≈.≈##≈≈≈≈≈#######†≈#≈.##≈≈.
##≈≈≈##≈≈≈≈### #†≈##≈≈##≈≈
#≈≈.≈#≈≈≈≈##
≈.≈B.≈≈.≈≈#≈†.#≈. #≈≈†##≈.≈##
≈J≈≈.≈...≈#.≈≈##≈ #≈≈†#.≈.≈#
≈F≈.≈!≈≈.≈#≈≈≈.#≈ #≈≈≈#.≈≈.#
≈≈≈F?))..≈#≈.≈.#≈ #≈≈≈#≈..≈#
≈≈.$...≈≈≈#≈≈≈≈#≈ #..≈##≈≈†##
≈l≈≈..≈≈≈##≈≈≈##≈


You could see 2 bullfrogs and an endoplasm.

Vanquished Creatures
  4 adders
  A dart slug (D:2)
  12 ball pythons
  4 bats
  15 endoplasms
  14 giant cockroaches
  5 hobgoblins
  14 quokkas
  13 frilled lizards
  2 goblins
  2 kobolds (D:1)
  7 rats
93 creatures vanquished.

Notes
Turn   | Place    | Note
-------+----------+-------------------------------------------
     0 | D:1      | freelancePsychic the Octopode Venom Mage began the quest
                  | for the Orb.
     0 | D:1      | Reached XP level 1. HP: 11/11 MP: 3/3
   261 | D:1      | Reached XP level 2. HP: 17/17 MP: 3/5
   440 | D:1      | Reached skill level 4 in Poison Magic
   589 | D:1      | Learned a level 2 spell: Poisonous Vapours
   919 | D:1      | Reached XP level 3. HP: 16/21 MP: 1/6
  1218 | D:1      | Found a faded altar of an unknown god.
  1914 | D:2      | Reached XP level 4. HP: 27/27 MP: 3/8
  2048 | D:2      | Found Fueshod's Antique Armour Shop.
  2432 | D:3      | Found a glowing drain.
  2443 | Sewer    | Entered a sewer
  2761 | Sewer    | Learned a level 4 spell: Olgreb's Toxic Radiance
  3375 | Sewer    | Reached XP level 5. HP: 13/32 MP: 3/9
  3731 | Sewer    | Reached skill level 1 in Fighting
  3956 | Sewer    | Reached skill level 5 in Poison Magic
  4130 | Sewer    | Slain by a bullfrog

Illustrated notes

Levels and vault maps discovered:
D:1:      saegor_arrival_simple_c, layout_rooms,
          hellmonk_ecumenical_altar_inner_sanctum
D:2:      layout_basic, serial_shops, shop_coins
D:3:      layout_basic, nicolae_uskayaw_en_pointe,
          mainiacjoe_overflow_big_doors, portal_sewer_entry_d,
          lemuel_flame_loot_1, uniq_grinder, uniq_natasha
Sewer:    sewer_frog_island_02

Skill      XL: |  1  2  3  4  5 |
---------------+----------------+-----
Stealth        | 3 4 |  4.3
Poison Magic   | 4 5 |  5.0
Spellcasting   | 3 |  3.1
Fighting       | 1 |  1.1
Dodging        | |  2.0
Transmutations | |  1.0

Action                   |  1- 3 |  4- 6 || total
-------------------------+-------+-------++-------
Melee: Unarmed           |    16 |       ||    16
       Constrict         |     7 |    10 ||    17
       Tentacles         |     4 |     7 ||    11
       Whip              |     9 |    52 ||    61
 Cast: Sting             |    34 |    23 ||    57
       Poisonous Vapours |    22 |    57 ||    79
  Use: Scroll            |     1 |     1 ||     2
       Potion            |       |     4 ||     4
 Stab: Sleeping          |       |     1 ||     1
Armor: Skin              |     4 |     3 ||     7
Dodge: Dodged            |    23 |    39 ||    62

Table legend: (Time is in decaauts)
 A = Elapsed time spent in this place.
 B = Non-inter-level travel time spent in this place.
 C = Inter-level travel time spent in this place.
 D = Time resting spent in this place.
 E = Time spent auto-exploring this place.
 F = Levels seen in this place.
 G = Mean time per level.
                   A        B        C        D        E       F      G
               +--------+--------+--------+--------+--------+-----+--------+
         Total |   4134 |   4086 |     48 |     61 |   3280 |   4 | 1033.5 |
       Dungeon |   2443 |   2395 |     48 |      0 |   2012 |   3 |  814.3 |
         Sewer |   1691 |   1691 |      0 |     61 |   1268 |   1 | 1691.0 |
               +--------+--------+--------+--------+--------+-----+--------+

Top non-repeatable levels by time:
   Sewer: 1691 daAuts
     D:1: 1257 daAuts
     D:2: 1063 daAuts
     D:3: 122 daAuts
